 Dungeon Crawl Stone Soup version 0.28.0-53-g5a82cb258f (webtiles) character file.

Game seed: 2885062819697472570

1011 quixfox the Cleaver (level 8, -4/71 HPs)
             Began as a Hill Orc Fighter on July 10, 2022.
             Was a Follower of Okawaru.
             Slain by a water moccasin (6 damage)
             ... on level 6 of the Dungeon.
             The game lasted 00:12:28 (6265 turns).

quixfox the Cleaver (Hill Orc Fighter)              Turns: 6265, Time: 00:12:29

Health: -4/71      AC:  7    Str: 21    XL:     8   Next: 21%
Magic:  9/9        EV:  9    Int:  8    God:    Okawaru [*.....]
Gold:   208        SH:  4    Dex: 10    Spells: 7/7 levels left

rFire   . . .      SeeInvis .   a - +0 war axe
rCold   + . .      Faith    .   c - +0 buckler
rNeg    . . .      Spirit   .   o - +0 scale mail {rC+}
rPois   .          Reflect  .   (no helmet)
rElec   .          Harm     .   (no cloak)
rCorr   +          Rampage  .   (no gloves)
Will    .....                   (no boots)
Stlth   ..........              (no amulet)
HPRegen 0.21/turn               t - ring of resist corrosion
MPRegen 0.11/turn               (no ring)

@: lethally poisoned (-4 -> -14)
A: no striking features
a: Renounce Religion, Heroism


You were on level 6 of the Dungeon.
You worshipped Okawaru.
Okawaru was aware of your devotion.
You visited 2 branches of the dungeon, and saw 7 of its levels.

You collected 238 gold pieces.
You spent 30 gold pieces at shops.

Inventory:

Hand Weapons
 a - a +0 war axe (weapon)
 b - a +3 hunting sling of freezing
Missiles
 g - 29 sling bullets
 n - a throwing net (quivered)
 u - 4 boomerangs
Armour
 c - a +0 buckler (worn)
 o - a +0 scale mail of cold resistance (worn)
Jewellery
 t - a ring of resist corrosion (left hand)
Wands
 j - a wand of polymorph (12)
 m - a wand of digging (3)
 q - a wand of iceblast (3)
Scrolls
 e - a scroll of blinking
 f - a scroll of holy word
 i - a scroll of enchant weapon
 k - 4 scrolls of teleportation
 r - a scroll of fear
 s - a scroll of magic mapping
Potions
 d - 2 potions of might
 h - 2 potions of mutation
 p - a potion of heal wounds
 v - a potion of ambrosia


   Skills:
 + Level 6.4 Fighting
 * Level 8.8 Axes
 + Level 5.9 Armour
 - Level 3.2 Shields
 + Level 2.2 Invocations


You had 7 spell levels left.
You didn't know any spells.
Your spell library contained the following spells:

 Spells                   Type           Power      Damage    Failure   Level
 Gell's Gravitas          Tloc           0%         N/A       99%         3
 Ignite Poison            Fire/Tmut/Pois 0%         N/A       99%         3
 Lesser Beckoning         Tloc           0%         N/A       99%         3
 Mephitic Cloud           Conj/Pois/Air  0%         N/A       99%         3
 Teleport Other           Tloc           0%         N/A       99%         3
 Freezing Cloud           Conj/Ice/Air   0%         6-21      100%        5
 Dispersal                Tloc           0%         N/A       100%        6


Dungeon Overview and Level Annotations

Branches:
Dungeon (6/15)             Temple (1/1) D:4

Altars:
Ashenzari
Cheibriados
Dithmenos
Elyvilon
Fedhas
Makhleb
Nemelex Xobeh
Okawaru
Qazlal
Ru
Sif Muna
Trog
Uskayaw
Vehumet
Xom
Yredelemnul
The Shining One

Shops:
D:2 ?   D:3 *   D:5 =

Annotations:
D:4 1 runed translucent door, Crazy Yiuf
D:5 1 runed translucent door, Sin92's ghost, novice DsFi


Message History

You closely miss the water moccasin.
The water moccasin is almost dead.
You feel sick.
The water moccasin bites you but does no damage.
You hit the water moccasin.
The water moccasin is almost dead.
You feel sick.
The water moccasin bites you but does no damage.
The water moccasin barely misses you.
You closely miss the water moccasin.
The water moccasin is almost dead.
You feel sick. The water moccasin closely misses you.
You closely miss the water moccasin.
The water moccasin is almost dead.
You feel sick. The water moccasin bites you!
* * * LOW HITPOINT WARNING * * *
You are more poisoned.
The water moccasin poisons you!
You completely miss the water moccasin.
The water moccasin is almost dead.
You feel very sick. The water moccasin closely misses you.
The water moccasin barely misses you.
You miss the water moccasin.
The water moccasin is almost dead.
You feel sick. The water moccasin bites you.
* * * LOW HITPOINT WARNING * * *
You are lethally poisoned!
The water moccasin poisons you!
You closely miss the water moccasin.
The water moccasin is almost dead.
* * * LOW HITPOINT WARNING * * *
You feel very sick.
The water moccasin bites you but does no damage.
The water moccasin closely misses you.
You hit the water moccasin.
The water moccasin is almost dead.
* * * LOW HITPOINT WARNING * * *
You feel very sick. The water moccasin bites you.
You die...

.. ..#...#
###..##.#รท ..
......###......##.
..####....#.......#..
#.$..##.......##.....
#).........###...##
#...............#
#.##.#.##........#
#......###......##
#@.###..#......##
#S.# #.....#..##
............####
..........#.##
#..........###
##..........
..........#
#...(.....##


You could see a water moccasin.

Vanquished Creatures
  A steam dragon (D:6)
  Duvessa (D:4)
  2 sky beasts (D:5)
  A phantom (D:6)
  Dowan (D:4)
  2 water moccasin skeletons
  A hound (D:5)
  A jelly (D:5)
  2 orc priests
  An iguana (D:5)
  A hound skeleton (D:3)
  4 gnolls (D:3)
  7 adders
  2 howler monkey skeletons
  An ufetubus (D:5)
  2 worms
  A dart slug (D:1)
  4 orcs
  5 ball pythons
  10 endoplasms
  4 giant cockroaches
  8 hobgoblins
  7 jackals
  A quokka (D:1)
  6 bats
  4 frilled lizards
  9 goblins
  7 kobolds
  8 rats
104 creatures vanquished.

Notes
Turn   | Place    | Note
-------+----------+-------------------------------------------
     0 | D:1      | quixfox the Hill Orc Fighter began the quest for the Orb.
     0 | D:1      | Reached XP level 1. HP: 19/19 MP: 1/1
    34 | D:1      | Reached skill level 3 in Axes
   143 | D:1      | Reached XP level 2. HP: 25/27 MP: 2/2
   543 | D:1      | Found a faded altar of an unknown god.
   916 | D:2      | Reached XP level 3. HP: 33/33 MP: 3/3
   997 | D:2      | Reached skill level 4 in Axes
  1070 | D:2      | Found Lumnub's Magic Scroll Shop.
  1078 | D:2      | Bought a scroll of teleportation for 30 gold pieces
  1103 | D:2      | Reached XP level 4. HP: 40/40 MP: 4/4
  1562 | D:2      | Reached skill level 5 in Axes
  2183 | D:2      | Reached XP level 5. HP: 47/47 MP: 5/5
  2742 | D:3      | Found Ypie's General Store.
  3041 | D:3      | Reached skill level 6 in Axes
  3327 | D:4      | Reached skill level 5 in Fighting
  3327 | D:4      | Reached XP level 6. HP: 56/56 MP: 6/6
  3383 | D:4      | Noticed Duvessa
  3384 | D:4      | Noticed Dowan
  3408 | D:4      | Killed Duvessa
  3454 | D:4      | HP: 2/52 [Dowan/stone arrow (7)]
  3741 | D:4      | Killed Dowan
  3857 | D:4      | Found a runed translucent door.
  3858 | D:4      | Noticed Crazy Yiuf
  3952 | D:4      | Reached skill level 7 in Axes
  4062 | D:4      | Reached skill level 5 in Armour
  4241 | D:4      | Found a broken altar of Ashenzari.
  4241 | D:4      | Found a white marble altar of Elyvilon.
  4256 | D:4      | Found a staircase to the Ecumenical Temple.
  4265 | Temple   | Entered the Ecumenical Temple
  4337 | Temple   | Became a worshipper of Warmaster Okawaru
  4400 | D:4      | Reached XP level 7. HP: 52/61 MP: 7/7
  4802 | D:5      | Entered Level 5 of the Dungeon
  5027 | D:5      | Reached skill level 8 in Axes
  5052 | D:5      | Found a runed translucent door.
  5061 | D:5      | Noticed Sin92's ghost (novice DsFi)
  5067 | D:5      | Reached * piety under Okawaru
  5215 | D:5      | Identified the +5 falchion "Killer Bee's Doom" {spect,
                  | *Slow rC+ Dex+3}
  5251 | D:5      | Found Cekierey's Jewellery Boutique.
  5283 | D:5      | Reached skill level 1 in Invocations
  5328 | D:5      | Found a sparkling altar of Nemelex Xobeh.
  6009 | D:6      | Noticed a steam dragon
  6024 | D:6      | Killed a steam dragon
  6025 | D:6      | Reached XP level 8. HP: 28/71 MP: 5/9
  6265 | D:6      | HP: 2/71 [poisoned by a water moccasin]
  6265 | D:6      | Slain by a water moccasin

Illustrated notes

Levels and vault maps discovered:
D:1:      evilmike_arrival_plus, layout_loops_cross,
          hellmonk_ecumenical_altar_crossroads
D:2:      layout_basic, serial_glass, glass_columns_c, glass_columns_a,
          serial_shops, shop
D:3:      layout_basic, serial_shops, shop, feat_on_display
D:4:      layout_cave_pods, gammafunk_temple_overflow_wave, temple_pool_b,
          uniq_crazy_yiuf_cottage, uniq_duvessa
D:5:      layout_loops_ring, nemelex_diamond_rough_becter,
          ebering_ghost_sewer_d, serial_shops, kennysheep_mini_moat,
          minivault_24
D:6:      layout_cave_pools
Temple:   eino_temple_water

Skill      XL: |  1  2  3  4  5  6  7 |
---------------+----------------------+-----
Axes           | 3 4 5 6 7 8 |  8.8
Fighting       | 4 5 6 |  6.4
Armour         | 4 5 |  5.9
Invocations    | 2 |  2.2
Shields        | |  3.2

Action                   |  1- 3 |  4- 6 |  7- 9 || total
-------------------------+-------+-------+-------++-------
Melee: War axe           |    49 |    79 |    58 ||   186
 Fire: Hunting sling     |    26 |   106 |    29 ||   161
Invok: Heroism           |       |       |     1 ||     1
  Use: Scroll            |       |     5 |     6 ||    11
       Potion            |       |     2 |       ||     2
Armor: Scale mail        |    26 |    30 |    28 ||    84
Dodge: Dodged            |    24 |    43 |    29 ||    96
Block: Buckler           |     6 |    20 |    11 ||    37
